 Dungeon Crawl Stone Soup version 0.22.1-1-ga44c0e56f4 (webtiles) character file.

831 Knicklaso the Destroyer (level 7, -7/36 HPs)
             Began as a Tengu Wizard on Sept 26, 2018.
             Was a Follower of Uskayaw.
             Splashed by a jelly's acid (8 damage)
             ... on level 5 of the Dungeon.
             The game lasted 00:14:22 (4723 turns).

Knicklaso the Destroyer (Tengu Wizard)              Turns: 4723, Time: 00:14:24

Health: -7/36      AC:  4    Str:  7    XL:     7   Next: 98%
Magic:  4/16       EV: 12    Int: 21    God:    Uskayaw [*.....]
Gold:   240        SH:  0    Dex: 12    Spells: 5/16 levels left

rFire    . . .     SeeInvis .   t - +0 spear
rCold    . . .     Gourm    .   (no shield)
rNeg     . . .     Faith    .   f - +0 robe
rPois    .         Spirit   .   b - +0 hat
rElec    .         Reflect  .   l - +1 cloak
rCorr    .         Harm     .   (no gloves)
MR       .....                  (boots unavailable)
Stlth    ++........             (no amulet)
HPRegen  0.12/turn              (no ring)
MPRegen  0.15/turn              (no ring)

@: no status effects
A: beak, talons 3, able to fly 1
a: Fly, Stomp, Renounce Religion


You were on level 5 of the Dungeon.
You worshipped Uskayaw.
Uskayaw was noncommittal.
You were hungry.

You visited 1 branch of the dungeon, and saw 5 of its levels.

You collected 240 gold pieces.

Inventory:

Hand Weapons
 t - a +0 spear (weapon)
Armour
 b - a +0 hat (worn)
 f - a +0 robe (worn)
 l - a +1 cloak (worn)
Jewellery
 w - a +2 ring of strength {unknown}
 x - a cursed ring of attention {unknown}
Scrolls
 c - 6 scrolls of remove curse {unknown}
 g - a scroll of identify {unknown}
 i - 2 scrolls of enchant armour {unknown}
 j - a scroll of amnesia {unknown}
 k - 2 scrolls of immolation {unknown}
 q - a scroll of noise {unknown}
 r - 2 scrolls of fog {unknown}
 u - 4 scrolls of teleportation {unknown}
Potions
 a - a potion of ambrosia {unknown}
 e - 2 potions of berserk rage {unknown}
 h - a potion of heal wounds {unknown}
 m - a potion of resistance {unknown}
 n - a potion of haste {unknown}
 o - a potion of invisibility {unknown}
 p - 2 potions of curing
 s - a potion of might {unknown}
Comestibles
 d - 8 rations
 v - 2 chunks of flesh


   Skills:
 - Level 2.1 Dodging
 - Level 2.0 Stealth
 + Level 5.4 Spellcasting
 * Level 9.3 Conjurations
 - Level 1.2 Summonings
 - Level 0.7 Translocations


You had 5 spell levels left.
You knew the following spells:

 Your Spells              Type           Power        Failure   Level  Hunger
a - Magic Dart            Conj           ####         1%          1    None
b - Mephitic Cloud        Conj/Pois/Air  ###.....     9%          3    ##.....
c - Conjure Flame         Conj/Fire      ####....     4%          3    ##.....
d - Call Imp              Summ           ##......     10%         2    None
e - Blink                 Tloc           N/A          12%         2    None

Your spell library contained the following spells:

 Spells                   Type           Power        Failure   Level  Hunger
 Slow                     Hex            #.......     16%         2    None


Dungeon Overview and Level Annotations

Branches:
Dungeon (5/15)
 Temple: D:4-7

Altars:
Makhleb
Trog
Uskayaw


Innate Abilities, Weirdness & Mutations

You have a beak for a mouth.
You have claws for feet.
You can fly.


Message History

Press: ? - help, Shift-Dir - straight line, f/p - worker ant
Aim: a worker ant (severely wounded)
The magic dart hits the worker ant.
The worker ant is severely wounded.
Casting: Magic Dart (safe; 1% risk of failure)
Confirm with . or Enter, or press ? or * to list all spells.
Aiming: Magic Dart (safe; 1% risk of failure)
Press: ? - help, Shift-Dir - straight line, f/p - worker ant
Aim: a worker ant (severely wounded)
The magic dart hits the worker ant.
You kill the worker ant!
The jelly is engulfed in blazing flames.
You hit the jelly.
Your hands burn!
* * * LOW HITPOINT WARNING * * *
You claw the jelly.
The jelly is almost dead.
The jelly hits you.
* * * LOW HITPOINT WARNING * * *
You are splashed with acid!
The acid burns!
You die...

# #.........# #.
#.#.###.###
#.########.#.# #.#
####.......##.#.###.#
........##.##....##.#
#######.##.####..##.#
#..#.......##.#
#####.#######.##.#
+.....†§J@....##.#
######.######## #..#
##.# #a## #..# ##.##
###..# #....#


You could see a jelly.

Vanquished Creatures
  Grinder (D:4)
  3 ogres
  A jelly (D:5)
  2 orc priests (D:4)
  A centaur skeleton (D:5)
  An orc wizard (D:4)
  A worker ant (D:5)
  3 gnolls (D:3)
  8 adders
  3 oozes
  An adder skeleton (D:4)
  3 worms
  3 leopard geckos
  7 orcs (D:4)
  3 ball pythons
  7 bats
  7 giant cockroaches
  7 goblins
  4 hobgoblins
  4 jackals (D:1)
  11 kobolds
  3 frilled lizards
  10 rats
94 creatures vanquished.

Notes
Turn   | Place    | Note
-------+----------+-------------------------------------------
     0 | D:1      | Knicklaso the Tengu Wizard began the quest for the Orb.
     0 | D:1      | Reached XP level 1. HP: 10/10 MP: 5/5
   169 | D:1      | Reached skill level 2 in Conjurations
   214 | D:1      | Reached XP level 2. HP: 14/15 MP: 7/7
   346 | D:1      | Reached skill level 3 in Conjurations
   404 | D:1      | Reached XP level 3. HP: 19/19 MP: 1/8
  1001 | D:2      | Reached skill level 4 in Conjurations
  1016 | D:2      | Reached XP level 4. HP: 24/24 MP: 4/10
  2078 | D:3      | Reached skill level 5 in Conjurations
  2082 | D:3      | Gained mutation: You can fly. [Tengu growth]
  2082 | D:3      | Reached XP level 5. HP: 28/28 MP: 0/11
  2199 | D:3      | Learned a level 3 spell: Mephitic Cloud
  2203 | D:3      | Learned a level 3 spell: Conjure Flame
  2206 | D:3      | Learned a level 2 spell: Call Imp
  2209 | D:3      | Learned a level 2 spell: Blink
  2301 | D:3      | Found a burning altar of Makhleb.
  2380 | D:3      | Found a faded altar of an unknown god.
  2431 | D:3      | Became a worshipper of Uskayaw the Reveler
  2431 | D:3      | Reached * piety under Uskayaw
  3008 | D:4      | Noticed an ogre
  3032 | D:4      | Reached ** piety under Uskayaw
  3036 | D:4      | Reached *** piety under Uskayaw
  3039 | D:4      | Killed an ogre
  3039 | D:4      | Reached skill level 6 in Conjurations
  3039 | D:4      | Reached XP level 6. HP: 32/32 MP: 8/13
  3093 | D:4      | Reached skill level 7 in Conjurations
  3407 | D:4      | Reached **** piety under Uskayaw
  3566 | D:4      | Noticed Grinder
  3574 | D:4      | Paralysed by Grinder for 7 turns
  3963 | D:4      | Killed Grinder
  3963 | D:4      | Reached skill level 5 in Spellcasting
  3963 | D:4      | Reached skill level 8 in Conjurations
  3963 | D:4      | Reached XP level 7. HP: 9/36 MP: 1/15
  4237 | D:4      | Found a bloodstained altar of Trog.
  4480 | D:5      | Entered Level 5 of the Dungeon
  4504 | D:5      | Reached skill level 9 in Conjurations
  4723 | D:5      | HP: 1/36 [jelly (3)]
  4723 | D:5      | Splashed by a jelly's acid

Skill      XL: |  1  2  3  4  5  6  7 |
---------------+----------------------+-----
Conjurations   | 2 3 4 5 6 8 9 |  9.3
Spellcasting   | 4 5 |  5.4
Dodging        | |  2.1
Stealth        | |  2.0
Summonings     | |  1.2
Translocations | |  0.7

Action                   |  1- 3 |  4- 6 |  7- 9 || total
-------------------------+-------+-------+-------++-------
Melee: Whip              |    40 |    17 |       ||    57
       Peck              |     5 |     6 |     3 ||    14
       Kick              |     2 |    10 |     6 ||    18
       Spear             |       |    63 |    52 ||   115
 Cast: Magic Dart        |    54 |   113 |    26 ||   193
       Conjure Flame     |       |     4 |     3 ||     7
       Blink             |       |     2 |     2 ||     4
       Mephitic Cloud    |       |     2 |     1 ||     3
Invok: Line Pass         |       |       |     1 ||     1
  Use: Potion            |       |       |     1 ||     1
 Stab: Sleeping          |     1 |     1 |       ||     2
       Paralysed         |       |     2 |     1 ||     3
       Distracted        |       |       |     1 ||     1
  Eat: Chunk             |       |     9 |     3 ||    12
Armor: Robe              |    11 |    11 |     5 ||    27
Dodge: Dodged            |    31 |    32 |    10 ||    73
